 Dungeon Crawl Stone Soup version 0.14-a0-3154-g428849b (webtiles) character file.

3742 Deemzul the Thaumaturge (level 9, -10/57 HPs)
             Began as a Mummy Ice Elementalist on Mar 9, 2014.
             Was a Believer of Dithmenos.
             Mangled by a fire bat (18 damage)
             ... on Level 2 of the Lair of Beasts.
             The game lasted 00:29:07 (11591 turns).

Deemzul the Thaumaturge (Mummy Ice Elementalist)   Turns: 11591, Time: 00:29:08

HP -10/57        AC  3     Str 16      XL: 9   Next: 75%
MP   1/25        EV 12     Int 17      God: Dithmenos [**....]
Gold 333         SH  0     Dex 12      Spells:  4 memorised, 14 levels left

rFire  x . .     SeeInvis .     i - +0,+1 dagger (speed)
rCold  + . .     Clarity  .     a - +0 robe
rNeg   + + +     Conserve .     (no shield)
rPois  +         rCorr    .     (no helmet)
rElec  .         rRot     +     (no cloak)
SustAb . .       Spirit   .     l - +0 pair of gloves
rMut   .         Warding  .     (no boots)
Saprov . . .     Stasis   .     u - amulet of inaccuracy {unknown}
MR     +....                    (no ring)
                                v - +5 ring of strength

@: wreathed by umbra, somewhat resistant to hostile enchantments, fairly
stealthy
A: no food or potions, fire vulnerability, restore body, cold resistance 1, life
protection 3, poison resistance, torment resistance, unbreathing
a: Shadow Step, Renounce Religion


You were on level 2 of the Lair of Beasts.
You worshipped Dithmenos.
Dithmenos was pleased with you.
You were not hungry.

You visited 3 branches of the dungeon, and saw 12 of its levels.
You also visited: Sewer.

You collected 355 gold pieces.
You spent 22 gold pieces at shops.

Inventory:

Hand weapons
 i - a +0,+1 dagger of speed (weapon)
Armour
 a - a +0 robe (worn)
 l - a +0 pair of gloves (worn)
Magical devices
 j - a wand of magic darts (2)
 k - a wand of polymorph (11)
 m - a wand of magic darts (5)
 q - a wand of paralysis (8)
 r - a wand of slowing (11)
 s - a wand of fireball (4)
 w - a wand of confusion (8) {unknown}
 x - a wand of random effects (9) {unknown}
Scrolls
 c - 3 scrolls of magic mapping
 d - 4 scrolls of remove curse
 e - a scroll of recharging
 f - 3 scrolls of fear {unknown}
 g - a scroll of enchant weapon II {unknown}
 h - 4 scrolls of teleportation
 n - 7 scrolls of fog
 o - 3 scrolls of identify
 t - a scroll of amnesia {unknown}
Jewellery
 u - an amulet of inaccuracy (around neck) {unknown}
 v - a +5 ring of strength (left hand)
Books
 b - a book of Frost

   Spells                             Type                      Level
   *Freeze                            Ice                          1
   *Throw Frost                       Conjuration/Ice              2
   Ozocubu's Armour                   Charms/Ice                   3
   Throw Icicle                       Conjuration/Ice              4
   *Summon Ice Beast                  Ice/Summoning                4
   *Condensation Shield               Ice                          4


   Skills:
 - Level 1.5 Dodging
 - Level 1.5 Stealth
 * Level 8.5 Spellcasting
 + Level 5.3 Conjurations
 + Level 4.0 Summonings
 + Level 6.1 Ice Magic


You had 14 spell levels left.
You knew the following spells:

 Your Spells              Type           Power        Failure   Level  Hunger
a - Freeze                Ice            ####         1%          1    N/A
b - Throw Frost           Conj/Ice       ####..       1%          2    N/A
c - Condensation Shield   Ice            ####......   10%         4    N/A
d - Summon Ice Beast      Ice/Summ       ###.....     14%         4    N/A

Dungeon Overview and Level Annotations

Branches:
Dungeon (9/16)             Temple (1/1) D:4            Lair (2/8) D:8
    Orc: D:9-12

Altars:
Ashenzari
Cheibriados
Dithmenos
Elyvilon
Fedhas
Kikubaaqudgha
Makhleb
Nemelex Xobeh
Okawaru
Sif Muna
Trog
Vehumet
Xom
Yredelemnul
Zin
The Shining One

Shops:
D:7 *   D:9 [

Annotations:
D:4 Dowan, Duvessa
D:7 Pikel


Innate Abilities, Weirdness & Mutations

You do not eat or drink.
Your flesh is vulnerable to fire.
Your flesh is cold resistant.
You are immune to negative energy.
Your system is resistant to poisons.
You are immune to unholy pain and torment.
You can survive without breathing.


Message History

Your ice beast melts!
Your ice beast dies!
Unknown command.
Unknown command.
The fire bat barely misses you.
Unknown command.
You barely miss the fire bat. The fire bat bites you.
You are engulfed in flames!
The fire burns you terribly!
One of your 9 scrolls of fog catches fire!
The fire bat bites you.
You are engulfed in flames!
The fire burns you terribly!
One of your 4 scrolls of magic mapping catches fire!
One of your 5 scrolls of remove curse catches fire!
* * * LOW HITPOINT WARNING * * *
The fire bat bites you.
* * * LOW HITPOINT WARNING * * *
You are engulfed in flames!
The fire burns you terribly!
One of your 8 scrolls of fog catches fire!
One of your 4 scrolls of identify catches fire!
You die...

..# ####...#................#
..# #.......##..............##
..# #.......#.#..............##
### #......##...............# #
. ###.....#.............f## ...
##...%.......###.....##
......###.%.........#......P#
..?........b..........f...###
......###.bI@............#.#
... ##.....).............## .
###.....................#
#......................## .####
#............#........##
#....###.....................#
#....#.#.....................#
##....##.....................##
#.....#...................#...#


You could see 2 fire bats and a friendly ice beast.

Vanquished Creatures
  A spiny frog (Lair:2)
  A komodo dragon (D:8)
  A basilisk (Lair:2)
  A hippogriff (D:7)
  A wyvern (D:9)
  3 sky beasts
  An ogre (D:8)
  A yellow wasp (D:8)
  A crocodile (Lair:2)
  3 giant frogs (D:8)
  3 scorpions (D:6)
  3 crimson imps
  4 hounds
  A big fish (Sewer)
  5 orc priests
  2 worker ants
  4 orc wizards
  Ijyb (D:7)
  A big kobold skeleton (D:9)
  4 gnolls
  10 adders
  A green rat (Lair:2)
  2 giant mites (D:6)
  An inept feature mimic (D:6)
  An orc zombie (D:7)
  An adder skeleton (D:8)
  A giant eyeball (D:8)
  An ooze (D:2)
  15 orcs
  14 bats
  11 hobgoblins
  3 jackals
  14 kobolds
  6 quokkas
  5 ball pythons
  9 giant cockroaches
  5 giant geckos
  8 giant newts
  A giant spore (D:9)
  13 goblins
  17 rats
181 creatures vanquished.

Vanquished Creatures (collateral kills)
  A hill giant (D:9)
  A black mamba (Lair:2)
  A spiny frog (Lair:2)
  A fire bat (Lair:2)
  An ogre (D:9)
  Blork the orc (D:9)
  A lava worm (D:9)
  A crocodile (Lair:2)
  A jelly (D:9)
  A soldier ant zombie (D:8)
  A centaur skeleton (D:9)
  A hound (Lair:2)
  An iguana (Lair:2)
  An orc priest (D:8)
  A mottled dragon skeleton (D:9)
  A mummy (D:9)
  An orc skeleton (D:9)
  A giant eyeball (D:9)
  2 giant geckos (Lair:2)
  4 orcs
  A jackal (Lair:1)
  3 ballistomycetes (D:9)
28 creatures vanquished.

Vanquished Creatures (others)
  16 ice beasts
16 creatures vanquished.

Grand Total: 225 creatures vanquished

Notes
Turn   | Place    | Note
--------------------------------------------------------------
     0 | D:1      | Deemzul, the Mummy Ice Elementalist, began the quest for the Orb.
     0 | D:1      | Reached XP level 1. HP: 13/13 MP: 3/3
     3 | D:1      | Noticed a giant goldfish
     3 | D:1      | Noticed a shark
   288 | D:1      | Reached XP level 2. HP: 10/19 MP: 1/4
   634 | D:1      | Learned a level 2 spell: Throw Frost
  1022 | D:2      | Reached skill level 3 in Ice Magic
  1022 | D:2      | Reached XP level 3. HP: 21/24 MP: 0/6
  1669 | D:3      | Reached skill level 1 in Conjurations
  1692 | D:3      | Reached XP level 4. HP: 28/30 MP: 1/9
  2165 | D:4      | Noticed Duvessa
  2165 | D:4      | Noticed Dowan
  2398 | D:4      | Found a staircase to the Ecumenical Temple.
  2406 | Temple   | Entered the Ecumenical Temple
  2441 | Temple   | Became a worshipper of Dithmenos
  3181 | D:4      | Paralysed by an orc priest for 2 turns
  3454 | D:4      | Paralysed by an orc priest for 4 turns
  3458 | D:4      | Reached XP level 5. HP: 35/35 MP: 3/11
  4102 | D:5      | Entered Level 5 of the Dungeon
  4674 | D:5      | Noticed an ogre
  4697 | D:6      | Reached skill level 4 in Spellcasting
  4718 | D:6      | Reached XP level 6. HP: 25/41 MP: 0/15
  5016 | D:6      | Found a blossoming altar of Fedhas.
  5067 | D:6      | Found an iron altar of Okawaru.
  5303 | D:6      | Found a glowing drain.
  5314 | Sewer    | Entered a sewer
  5840 | D:6      | Reached skill level 5 in Spellcasting
  5971 | D:7      | Found Shyithrus' General Store.
  5986 | D:7      | Bought a scroll of fog for 22 gold pieces
  5992 | D:7      | Learned a level 4 spell: Condensation Shield
  5997 | D:7      | Learned a level 4 spell: Summon Ice Beast
  6007 | D:7      | Noticed Ijyb
  6018 | D:7      | Killed Ijyb
  6018 | D:7      | Reached XP level 7. HP: 35/46 MP: 7/18
  6101 | D:7      | Noticed a hippogriff
  6118 | D:7      | Killed a hippogriff
  6427 | D:7      | Noticed Pikel
  6644 | D:7      | Found a sparkling altar of Nemelex Xobeh.
  6668 | D:7      | Reached skill level 1 in Summonings
  6785 | D:8      | Found a glowing golden altar of the Shining One.
  6886 | D:8      | Reached skill level 6 in Spellcasting
  6886 | D:8      | Reached XP level 8. HP: 9/52 MP: 12/21
  8304 | D:8      | Reached skill level 5 in Ice Magic
  8361 | D:8      | Acquired Dithmenos' first power
  8764 | D:8      | Found a glowing silver altar of Zin.
  8913 | D:8      | Noticed a komodo dragon
  9152 | D:9      | Noticed a hill giant
  9314 | D:9      | Reached skill level 7 in Spellcasting
  9622 | D:9      | Found Thinkes' Armour Boutique.
  9762 | D:9      | Killed a hill giant
  9762 | D:9      | Reached XP level 9. HP: 57/57 MP: 12/24
 10170 | D:9      | Noticed Blork the orc
 10171 | D:9      | Paralysed by a giant eyeball for 4 turns
 10183 | D:9      | Killed Blork the orc
 10206 | D:9      | Noticed a red devil
 10224 | D:9      | Noticed an orange demon
 10659 | D:8      | Killed a komodo dragon
 10795 | D:8      | Found a staircase to the Lair.
 10900 | Lair:1   | Entered Level 1 of the Lair of Beasts
 10986 | Lair:1   | You fall through a shaft!
 11003 | Lair:2   | Noticed a spiny frog
 11015 | Lair:2   | Killed a spiny frog
 11017 | Lair:2   | Reached skill level 8 in Spellcasting
 11097 | Lair:2   | Noticed a spiny frog
 11106 | Lair:2   | Killed a spiny frog
 11106 | Lair:2   | Reached skill level 5 in Conjurations
 11395 | Lair:2   | Noticed a black mamba
 11406 | Lair:2   | Killed a black mamba
 11449 | Lair:2   | Found a glowing golden altar of the Shining One.
 11591 | Lair:2   | Mangled by a fire bat

Action                   |  1- 3 |  4- 6 |  7- 9 || total
-------------------------+-------+-------+-------++-------
Melee: Unarmed           |    22 |       |       ||    22
       Dagger            |    14 |    68 |   203 ||   285
 Cast: Freeze            |    45 |   106 |   148 ||   299
       Throw Frost       |    14 |    47 |    82 ||   143
       Condensation Shie |       |     1 |     4 ||     5
       Summon Ice Beast  |       |       |    38 ||    38
Evoke: Wand              |       |     6 |    11 ||    17
  Use: Scroll            |       |     3 |     4 ||     7
 Stab: Paralysed         |       |       |     5 ||     5
       Sleeping          |       |       |     1 ||     1
